 Dungeon Crawl Stone Soup version 0.16-a0-3884-g0a5f664 (console) character file.

289 Monkaria the Cleaver (level 6, -10/61 HPs)
             Began as a Hill Orc Fighter on Feb 1, 2015.
             Killed by nerve-wracking pain
             ... invoked by Grinder
              (14 damage)
             ... on level 3 of the Dungeon.
             The game lasted 00:04:03 (2146 turns).

Monkaria the Cleaver (Hill Orc Fighter)             Turns: 2146, Time: 00:04:03

Health: -10/61     AC:  8    Str: 21    XL:     6   Next: 31%
Magic:  6/6        EV:  7    Int:  8    God:
Gold:   100        SH:  9    Dex: 10    Spells: 0 memorised, 5 levels left

rFire  + . .     SeeInvis .     a - +0 war axe
rCold  . . .     Clarity  .     b - +1 scale mail
rNeg   . . .     SustAb   .     c - +0 shield
rPois  .         Gourm    +     (no helmet)
rElec  .         Spirit   .     (no cloak)
rCorr  .         Warding  .     (no gloves)
rMut   .         Stasis   .     (no boots)
MR     .....                    r - amulet of the gourmand
Stlth  ..........               (no ring)
                                o - ring of protection from fire

@: not resistant to hostile enchantments, extremely unstealthy
A: no striking features
a: no special abilities


You were on level 3 of the Dungeon.
You were completely stuffed.

You visited 1 branch of the dungeon, and saw 4 of its levels.

You collected 100 gold pieces.

Inventory:

Hand weapons
 a - a +0 war axe (weapon)
Missiles
 h - 7 poisoned needles
Armour
 b - a +1 scale mail (worn)
 c - a +0 shield (worn)
Jewellery
 i - an uncursed ring of flight {unknown}
 j - an uncursed ring of teleportation
 o - a ring of protection from fire (left hand)
 r - an amulet of the gourmand (around neck)
Scrolls
 g - a scroll of noise {unknown}
 k - 5 scrolls of identify {unknown}
 p - a scroll of enchant weapon {unknown}
 t - 3 scrolls of fear {unknown}
 u - a scroll of amnesia {unknown}
Potions
 e - a potion of might
 l - a potion of magic {unknown}
 m - a potion of agility {unknown}
 n - a potion of mutation {unknown}
 q - a potion of haste
 s - a potion of lignification {unknown}
 w - a potion of beneficial mutation {unknown}
 x - a potion of cure mutation {unknown}
Comestibles
 d - 2 meat rations
 f - 2 beef jerkies
 v - 3 chunks of flesh


   Skills:
 - Level 8.3 Fighting
 + Level 11.7 Axes
 - Level 7.0 Armour
 - Level 3.2 Shields


You had 5 spell levels left.
You didn't know any spells.

Dungeon Overview and Level Annotations

Branches:
Dungeon (4/15)
 Temple: D:4-7

Altars:

Annotations:
D:3 Grinder


Message History

The giant cockroach bites you but does no damage. x2
You slash the giant cockroach!
You kill the giant cockroach!
There is a stone staircase leading down here.
You climb downwards.
An adder and an orc priest come into view.
The orc priest threatens, "By the altar or by the axe, you will meet Beogh!" (press Y on the ability menu to convert to Beogh)
The orc priest shouts!
Found two items.
There is a stone staircase leading up here.
The orc priest prays to Beogh.
You feel a wave of unholy energy pass over you.
You climb upwards.
Level annotation: Grinder
There is a stone staircase leading down here.
You start resting.
Grinder gestures at you. Pain shoots through your body!
You die...

########### #
##.....ยง...#
#.##.###.####.# ...
#..# #.# #.###..# #.#
## #...#.# #.# ..
##.##.###.# #.# #.#
#.##...#@# #.#.# #.#
#.####.#.# #.#.# #.#
#.#.#..5.######.#.#
#.# .#
#......#...........#
#.# .##
#.....#...[.........#
#.# #.###. ###
#.#.#######..######..
##..#.#
..###.................
#.....## ###
#.#######........<.
.......# #.#
##.########


You could see Grinder.

Vanquished Creatures
  An iguana (D:3)
  2 orc wizards
  Terence (D:3)
  3 adders
  2 worms (D:2)
  A giant gecko (D:1)
  3 orcs (D:3)
  A ball python (D:1)
  3 giant cockroaches
  4 goblins
  14 hobgoblins
  10 jackals
  A quokka (D:2)
  4 bats (D:2)
  3 giant newts
  7 kobolds
  17 rats
77 creatures vanquished.

Notes
Turn   | Place    | Note
--------------------------------------------------------------
     0 | D:1      | Monkaria, the Hill Orc Fighter, began the quest for the Orb.
     0 | D:1      | Reached XP level 1. HP: 19/19 MP: 1/1
    19 | D:1      | Reached XP level 2. HP: 18/27 MP: 2/2
   107 | D:1      | Reached skill level 4 in Fighting
   319 | D:1      | Reached XP level 3. HP: 29/33 MP: 3/3
   961 | D:2      | Reached XP level 4. HP: 41/41 MP: 4/4
  1123 | D:2      | Reached skill level 5 in Axes
  1457 | D:3      | Noticed Grinder
  1516 | D:3      | Reached skill level 8 in Fighting
  1516 | D:3      | Reached skill level 11 in Axes
  1516 | D:3      | Reached XP level 5. HP: 7/53 MP: 5/5
  1761 | D:2      | Reached XP level 6. HP: 48/61 MP: 6/6
  2051 | D:3      | Noticed Terence
  2062 | D:3      | Killed Terence
  2104 | D:3      | Paralysed by Grinder for 7 turns
  2129 | D:3      | Paralysed by Grinder for 7 turns
  2136 | D:3      | HP: 2/61 [Grinder (4)]
  2146 | D:3      | Killed from afar by Grinder

Action                   |  1- 3 |  4- 6 || total
-------------------------+-------+-------++-------
Melee: War axe           |   118 |   113 ||   231
  Use: Scroll            |     2 |       ||     2
       Potion            |       |     2 ||     2
  Eat: Chunk             |     1 |    16 ||    17
